 Dungeon Crawl Stone Soup version 0.29-a0-418-gc0181ea820 (webtiles) character file.

Game seed: 14909170808557301187

25 hquester the Skirmisher (level 2, 0/24 HPs)
             Began as a Demonspawn Abyssal Knight on May 17, 2022.
             Was a Believer of Lugonu.
             Slain by a jackal (2 damage)
             ... on level 2 of the Dungeon.
             The game lasted 00:02:01 (1134 turns).

hquester the Skirmisher (Demonspawn Abyssal Knight) Turns: 1134, Time: 00:02:02

Health: 0/24       AC:  3    Str: 13    XL:     2   Next: 86%
Magic:  4/4        EV: 11    Int: 11    God:    Lugonu [**....]
Gold:   55         SH:  0    Dex: 13    Spells: 1/1 levels left

rFire   . . .      SeeInvis .   a - +1 short sword
rCold   . . .      Faith    .   (no shield)
rNeg    . . .      Spirit   .   b - +0 leather armour
rPois   .          Reflect  .   (helmet restricted)
rElec   .          Harm     .   (no cloak)
rCorr   .          Rampage  .   (no gloves)
Will    .....                   (no boots)
Stlth   +.........              (no amulet)
HPRegen 0.08/turn               (no ring)
MPRegen 0.09/turn               (no ring)

@: flying
A: horns 1
a: Renounce Religion, Depart the Abyss, Bend Space


You were on level 2 of the Dungeon.
You worshipped Lugonu.
Lugonu was pleased with you.
You visited 1 branch of the dungeon, and saw 2 of its levels.
You visited the Abyss 1 time.

You collected 55 gold pieces.

Inventory:

Hand Weapons
 a - a +1 short sword (weapon)
Armour
 b - a +0 leather armour (worn)
Scrolls
 d - a scroll of teleportation {unknown}


   Skills:
 + Level 3.2 Fighting
 + Level 2.1 Short Blades
 + Level 2.1 Armour
 + Level 1.3 Dodging
 + Level 2.9 Invocations


You had one spell level left.
You didn't know any spells.
Your spell library contained the following spells:

 Spells                   Type           Power      Damage    Failure   Level
 Tukima's Dance           Hex            0%         N/A       80%         3
 Passage of Golubria      Tloc           0%         N/A       99%         4
 Yara's Violent Unravell  Hex/Tmut       0%         3d3       100%        5


Dungeon Overview and Level Annotations

Branches:
Dungeon (2/15)

Altars:


Innate Abilities, Weirdness & Mutations

You have a pair of small horns on your head.


Message History

The jackal misses you. The jackal bites you. The jackal barely misses you.
You hit the jackal but do no damage.
You headbutt the jackal, but do no damage.
The jackal is severely wounded.
The jackal bites you but does no damage.
The jackal barely misses you. The jackal bites you.
The jackal bites you but does no damage. x2
The jackal closely misses you.
You miss the jackal.
The jackal is severely wounded.
The jackal closely misses you. The jackal barely misses you.
The jackal bites you.
Unknown command.
You hit the jackal.
You kill the jackal!
Lugonu accepts your kill.
The jackal bites you but does no damage.
The jackal bites you.
You hit the jackal.
The jackal is moderately wounded.
The jackal bites you. The jackal closely misses you.
The quokka closely misses you. The jackal closely misses you.
The jackal barely misses you.
You closely miss the jackal. Your headbutt misses the jackal.
The jackal is moderately wounded.
The quokka bites you. The jackal bites you. x2
You hit the jackal. Your headbutt misses the jackal.
The jackal is severely wounded.
The jackal bites you but does no damage.
The quokka bites you.
* * * LOW HITPOINT WARNING * * *
The jackal bites you.
* * * LOW HITPOINT WARNING * * *
The quokka barely misses you. The jackal bites you.
* * * LOW HITPOINT WARNING * * *
The jackal closely misses you.
It was a potion of flight.
You feel very buoyant.
You fly up into the air.
The jackal bites you.
You die...

!........
.........
.........
........######
.............#
.............#
#......?.)#
#...h.....#
#...r@....#
#####h#####
#.# ... ...#
...?# ....#
.....#


You could see a quokka and 2 jackals.

Vanquished Creatures
  A dart slug (D:1)
  3 ball pythons (D:1)
  4 endoplasms (D:1)
  A giant cockroach (D:1)
  2 goblins (D:1)
  A jackal (D:2)
  A quokka (D:1)
  4 frilled lizards (D:1)
  2 kobolds (D:1)
  4 rats (D:1)
23 creatures vanquished.

Notes
Turn   | Place    | Note
-------+----------+-------------------------------------------
     0 | Abyss:1  | hquester the Demonspawn Abyssal Knight began the quest for
                  | the Orb.
     0 | Abyss:1  | Reached XP level 1. HP: 18/18 MP: 2/2
     7 | D:1      | Escaped the Abyss
   104 | D:1      | Reached skill level 1 in Dodging
   312 | D:1      | Discovered your monstrous ancestry.
   312 | D:1      | Gained mutation: You have a pair of small horns on your
                  | head. [demonic ancestry]
   312 | D:1      | Reached XP level 2. HP: 20/24 MP: 4/4
   782 | D:1      | Found a faded altar of an unknown god.
  1134 | D:2      | Slain by a jackal

Illustrated notes

Levels and vault maps discovered:
D:1:      minmay_arrival_glassed_features, layout_basic,
          shapermc_ecumenical_altar_petra
D:2:      layout_rooms, grunt_decor_cap

Skill      XL: |  1  2 |
---------------+-------+-----
Dodging        | 1 |  1.3
Short Blades   | 2 |  2.1
Armour         | 2 |  2.1
Fighting       | |  3.2
Invocations    | |  2.9

Action                   || total
-------------------------++-------
Melee: Short sword       ||    63
       Headbutt          ||     5
  Use: Potion            ||     1
 Stab: Sleeping          ||     1
Armor: Leather armour    ||    12
Dodge: Dodged            ||    48

Table legend: (Time is in decaauts)
 A = Elapsed time spent in this place.
 B = Non-inter-level travel time spent in this place.
 C = Inter-level travel time spent in this place.
 D = Time resting spent in this place.
 E = Time spent auto-exploring this place.
 F = Levels seen in this place.
 G = Mean time per level.
                   A        B        C        D        E       F      G
               +--------+--------+--------+--------+--------+-----+--------+
         Total |   1133 |   1106 |     27 |      0 |    947 |   3 |  377.7 |
       Dungeon |   1126 |   1099 |     27 |      0 |    947 |   2 |  563.0 |
         Abyss |      7 |      7 |      0 |      0 |      0 |   1 |    7.0 |
               +--------+--------+--------+--------+--------+-----+--------+

Top non-repeatable levels by time:
     D:1: 1115 daAuts
     D:2: 10 daAuts
 Abyss:1: 7 daAuts
